 Dungeon Crawl Stone Soup version 0.31-a0-564-g3b7de120b3 (webtiles) character file.

Game seed: 10685769796188727669

211 Fodor the Slasher (level 5, -8/47 HPs)
             Began as a Minotaur Fighter on Aug 17, 2023.
             Mangled by Menkaure (13 damage)
             ... on level 4 of the Dungeon.
             The game lasted 00:12:28 (2565 turns).

Fodor the Slasher (Minotaur Fighter)                Turns: 2565, Time: 00:12:29

Health: -8/47      AC: 13    Str: 22    XL:     5   Next: 57%
Magic:  13/13      EV:  8    Int:  5    God:
Gold:   184        SH:  4    Dex: 10    Spells: 4/4 levels left

rFire   . . .        a - +0 long sword
rCold   . . .        c - +0 buckler
rNeg    . . .        b - +0 chain mail
rPois   .            (helmet restricted)
rElec   .            i - +1 cloak
rCorr   .            e - +0 pair of gloves
SInv    .            (no boots)
Will    +....        m - amulet of regeneration Stlth
                     j - ring of willpower
HPRegen 1.07/turn    l - ring of magical power
MPRegen 0.13/turn

%: no passive effects
@: no status effects
A: horns 2, retaliatory headbutt
a: no special abilities


You were on level 4 of the Dungeon.
You visited 1 branch of the dungeon, and saw 4 of its levels.

You collected 184 gold pieces.

Inventory:

Hand Weapons
 a - a +0 long sword (weapon)
Armour
 b - a +0 chain mail (worn)
 c - a +0 buckler (worn)
 e - a +0 pair of gloves (worn)
 i - a +1 cloak (worn)
Jewellery
 j - a ring of willpower (left hand)
 l - a ring of magical power (right hand)
 m - an amulet of regeneration (around neck)
Scrolls
 f - 5 scrolls of identify {unknown}
 g - a scroll of brand weapon {unknown}
 k - a scroll of enchant armour {unknown}
 o - a scroll of noise {unknown}
 s - a scroll of silence {unknown}
 t - a scroll of summoning {unknown}
Potions
 d - a potion of might
 h - a potion of lignification {unknown}
 n - 2 potions of curing {unknown}
 p - a potion of haste {unknown}
 q - a potion of heal wounds {unknown}
 r - a potion of enlightenment {unknown}


   Skills:
 + Level 4.3 Fighting
 + Level 5.2 Long Blades
 + Level 4.9 Armour
 + Level 0.5 Dodging
 + Level 4.2 Shields


You had 4 spell levels left.
You didn't know any spells.
Your spell library contained the following spells:

 Spells                   Type           Power      Damage    Failure   Level
 Cigotuvi's Dreadful Rot  Necr/Pois/Air  0%         N/A       99%         2
 Wereblood                Tmut           0%         N/A       99%         2
 Ignite Poison            Fire/Tmut/Pois 0%         N/A       100%        3
 Freezing Cloud           Conj/Ice/Air   0%         6-21      100%        5
 Irradiate                Conj/Tmut      0%         3d11      100%        5


Dungeon Overview and Level Annotations

Branches:
Dungeon (4/15)
 Temple: D:4-7

Altars:

Annotations:
D:4 Menkaure


Innate Abilities, Weirdness & Mutations

You have a pair of horns on your head.
You reflexively headbutt those who attack you in melee.


Message History

Found a leather armour.
An orc comes into view. It is wielding a +0 dagger.
The orc shouts!
There is a fountain of clear blue water here.
The orc barely misses you. You furiously retaliate!
You headbutt the orc!
You kill the orc!
You hear the slow hiss of an avalanche of sand nearby.
You now have 177 gold pieces (gained 13).
You hear the slow hiss of an avalanche of sand nearby.
There is a fountain of clear blue water here.
You open the door.
There is an open door here.
You hear the slow hiss of a very distant avalanche of sand.
You open the door.
There is an open door here.
Found a stone staircase leading up.
There is an open door here.
You see here a +0 hand axe.
You hear the hiss of an avalanche of sand very nearby.
Found 7 gold pieces.
Found 17 gold pieces.
You now have 184 gold pieces (gained 7).
Menkaure, Prince of Dust comes into view.
Menkaure shouts!
Menkaure casts a spell.
Menkaure seems to speed up.
Menkaure calls on the powers of darkness!
Your body is wracked with pain!
Menkaure hits you but does no damage.
You slash Menkaure!
Menkaure is moderately damaged.
Menkaure hits you! x2
* * * LOW HITPOINT WARNING * * *
You hit Menkaure but do no damage.
Menkaure is moderately damaged.
Menkaure closely misses you.
You barely miss Menkaure.
Menkaure is moderately damaged.
Menkaure hits you!
You die...

#....#
#..###.#
#....#
#......#
#....# #
#.#..$.##
#....#
#.#........
#....#
#.#......##
#....#
#.#.$...##
#....#
#....##...#
#....#
#....+ ...#
#....#
#..@.# ..#
#....#
#..M.# .#
######
#....#
#....#
#....#
######


You could see Menkaure (fast).

Vanquished Creatures
  A jelly (D:3)
  A sleepcap (D:4)
  2 orc wizards (D:3)
  2 adders (D:3)
  A white imp (D:4)
  2 worms (D:2)
  2 dart slugs (D:2)
  4 orcs
  5 ball pythons
  8 bats
  5 endoplasms
  3 giant cockroaches
  5 goblins
  3 hobgoblins
  6 quokkas
  3 frilled lizards
  5 kobolds
  10 rats
68 creatures vanquished.

Notes
Turn   | Place    | Note
-------+----------+-------------------------------------------
     0 | D:1      | Fodor the Minotaur Fighter began the quest for the Orb.
     0 | D:1      | Reached XP level 1. HP: 19/19 MP: 0/0
   169 | D:1      | Reached XP level 2. HP: 26/27 MP: 1/1
   648 | D:1      | Found a faded altar of an unknown god.
   782 | D:1      | Reached XP level 3. HP: 33/33 MP: 2/2
   997 | D:2      | Reached skill level 3 in Long Blades
  1613 | D:3      | Reached XP level 4. HP: 40/40 MP: 3/3
  1781 | D:3      | Reached skill level 4 in Long Blades
  1845 | D:3      | Reached XP level 5. HP: 44/46 MP: 4/4
  2335 | D:4      | Reached skill level 5 in Long Blades
  2558 | D:4      | Noticed Menkaure
  2565 | D:4      | Mangled by Menkaure

Illustrated notes

Levels and vault maps discovered:
D:1:      dpeg_arrival_pond, layout_loops_corners,
          chequers_ecumenical_altar_simple
D:2:      layout_rooms, kennysheep_boxes
D:3:      layout_loops_ring
D:4:      layout_basic, enter_ossuary_1, nicolae_elevator_lobby_plus,
          uniq_blork_the_orc, uniq_ijyb, uniq_menkaure

Skill      XL: |  1  2  3  4  5 |
---------------+----------------+-----
Armour         | 4 |  4.9
Fighting       | 4 |  4.3
Shields        | 4 |  4.2
Long Blades    | 3 4 5 |  5.2
Dodging        | |  0.5

Action                     |  1- 3 |  4- 6 || total
---------------------------+-------+-------++-------
  Melee: Long sword        |   118 |    53 ||   171
         Headbutt          |    13 |    13 ||    26
 Armour: Scale mail        |    16 |       ||    16
         Chain mail        |    53 |    33 ||    86
  Dodge: Dodged            |    44 |    25 ||    69
  Block: Buckler           |    24 |    14 ||    38

Table legend: (Time is in decaauts)
 A = Elapsed time spent in this place.
 B = Non-inter-level travel time spent in this place.
 C = Inter-level travel time spent in this place.
 D = Time resting spent in this place.
 E = Time spent auto-exploring this place.
 F = Levels seen in this place.
 G = Mean time per level.
                   A        B        C        D        E       F      G
               +--------+--------+--------+--------+--------+-----+--------+
         Total |   2609 |   2497 |    112 |      0 |      0 |   4 |  652.2 |
       Dungeon |   2609 |   2497 |    112 |      0 |      0 |   4 |  652.2 |
               +--------+--------+--------+--------+--------+-----+--------+

Top non-repeatable levels by time:
     D:1: 1005 daAuts
     D:3: 704 daAuts
     D:2: 624 daAuts
     D:4: 275 daAuts
